 Dungeon Crawl Stone Soup version 0.31-a0-845-g9abc20d24f (webtiles) character file.

Game seed: 7258326244450756273

1578 Dirtsage the Cleaver (level 8, -1/102 HPs)
             Began as a Minotaur Fighter on Oct 2, 2023.
             Was an Initiate of Okawaru.
             Succumbed to a hornet's poison
             ... while paralysed by a hornet
             ... on level 6 of the Dungeon.
             The game lasted 00:07:07 (4412 turns).

Dirtsage the Cleaver (Minotaur Fighter)             Turns: 4412, Time: 00:07:07

Health: -1/102     AC: 12    Str: 23    XL:     8   Next: 60%
Magic:  7/7        EV:  2    Int:  5    God:    Okawaru [......]
Gold:   283        SH:  0    Dex: 10    Spells: 7/7 levels left

rFire   . . .        a - +0 war axe
rCold   . . .        c - +0 buckler
rNeg    . . .        B - +0 chain mail
rPois   .            C - +0 hat
rElec   .            H - +0 cloak
rCorr   .            r - +0 pair of gloves
SInv    +            (no boots)
Will    +....        (no amulet) Stlth
                     i - ring of willpower
HPRegen 0.37/turn    S - ring of see invisible
MPRegen 0.10/turn

%: no passive effects
@: paralysed, berserking, lethally poisoned (-1 -> -13), slowed
A: horns 2, retaliatory headbutt
a: Renounce Religion


You were on level 6 of the Dungeon.
You worshipped Okawaru.
Okawaru was noncommittal.
You visited 2 branches of the dungeon, and saw 7 of its levels.
You also visited: Sewer.

You collected 283 gold pieces.

Inventory:

Hand Weapons
 a - a +0 war axe (weapon)
Missiles
 m - 4 boomerangs
 o - 5 curare-tipped darts
Armour
 c - a +0 buckler (worn)
 r - a +0 pair of gloves (worn)
 B - a +0 chain mail (worn)
 C - a +0 hat (worn)
 H - a +0 cloak (worn)
Jewellery
 f - a ring of fire
 i - a ring of willpower (left hand)
 S - a ring of see invisible (right hand)
Wands
 q - a wand of roots (10)
 y - a wand of mindburst (5)
 D - a wand of flame (26)
Scrolls
 b - a scroll of revelation {unknown}
 e - 2 scrolls of vulnerability {unknown}
 g - a scroll of amnesia {unknown}
 h - a scroll of torment {unknown}
 l - 10 scrolls of identify {unknown}
 t - a scroll of enchant weapon {unknown}
 u - a scroll of noise {unknown}
 v - a scroll of fog {unknown}
 w - 2 scrolls of blinking {unknown}
 z - 2 scrolls of silence {unknown}
 F - a scroll of immolation {unknown}
Potions
 d - 4 potions of might
 j - 2 potions of berserk rage
 k - a potion of heal wounds {unknown}
 n - 2 potions of attraction {unknown}
 p - a potion of resistance {unknown}
 s - a potion of magic {unknown}
 x - a potion of haste {unknown}
 A - a potion of ambrosia {unknown}
 E - 3 potions of enlightenment {unknown}
 G - a potion of mutation {unknown}


   Skills:
 + Level 5.1 Fighting
 * Level 11.1 Axes
 + Level 5.0 Armour
 + Level 2.7 Dodging
 + Level 4.9 Shields
 * Level 0.2 Invocations


You had 7 spell levels left.
You didn't know any spells.
Your spell library contained the following spells:

 Spells                   Type           Power      Damage    Failure   Level
 Mephitic Cloud           Conj/Pois/Air  0%         N/A       100%        3
 Fireball                 Conj/Fire      0%         3d3       100%        5
 Dispersal                Tloc           0%         N/A       100%        6


Dungeon Overview and Level Annotations

Branches:
Dungeon (6/15)             Temple (1/1) D:4           Sewer (visited)

Altars:
Ashenzari
Cheibriados
Elyvilon
Hepliaklqana
Kikubaaqudgha
Makhleb
Nemelex Xobeh
Okawaru
Qazlal
Ru
Sif Muna
Trog
Uskayaw
Vehumet
Xom
Yredelemnul
Zin


Innate Abilities, Weirdness & Mutations

You have a pair of horns on your head.
You reflexively headbutt those who attack you in melee.


Message History

The orc wizard casts a spell.
The orc wizard flickers and vanishes for a moment.
The orc priest barely misses you. You block the hornet's attack.
You barely miss the hornet.
The hornet is heavily wounded.
You hit the orc priest. The orc priest hits you with a +0 club.
You block the hornet's attack.
You take 1 damage, and have 34/68 hp.
You barely miss the hornet.
You headbutt the hornet, but do no damage.
The hornet is heavily wounded.
You slash the orc priest!
You kill the orc priest!
Okawaru accepts your kill. The hornet stings you.
You are poisoned.
You feel yourself slow down. The hornet stings you!
* * * LOW HITPOINT WARNING * * *
You are lethally poisoned!
You feel as though you will be slow longer.
You take 17 damage, and have 17/68 hp.
MASSIVE DAMAGE!!
It was a potion of berserk rage.
A red film seems to cover your vision as you go berserk!
You feel yourself moving faster!
You feel mighty!
* * * LOW HITPOINT WARNING * * *
You feel extremely sick.
The orc wizard hits you with a +0 dagger.
* * * LOW HITPOINT WARNING * * *
The hornet stings you.
* * * LOW HITPOINT WARNING * * *
You suddenly lose the ability to move!
The orc wizard hits you but does no damage.
The hornet stings you!
* * * LOW HITPOINT WARNING * * *
You feel as though you will be slow longer.
* * * LOW HITPOINT WARNING * * *
You feel very sick.
The hornet stings you but does no damage.
The orc wizard hits you but does no damage.
You die...

#.### #..# #....
#..# #####
#..########## #
... ........####
#. ##..
...........# #.
##..#
######..##.#
..#.yo#
#.....##.###
####.##@#
#.##.###....
........# #.##.#
##### ####.##.#
#.##.# # #.#
#.##.# ##.. #.#
#.#..# .#.# #.#
#.#.## #..# #.#
#.#.# #..#
#<#####.#.# #..#
#.#.......#######


You could see a hornet and an orc wizard (invisible).

Vanquished Creatures
  Pikel (D:6)
  Eustachio (D:6)
  Pargi (Sewer)
  An ice beast (D:5)
  An ogre (D:5)
  2 lemures (D:6)
  A kobold brigand (D:6)
  A bullfrog (D:6)
  A hound (D:6)
  5 jellies
  2 orc priests
  2 iguanas (D:5)
  2 sleepcaps
  Ijyb (D:4)
  An orc wizard (D:5)
  7 adders
  A river rat (D:6)
  A shadow imp (D:5)
  3 white imps
  An ufetubus (D:5)
  2 worms
  2 dart slugs
  9 orcs
  7 endoplasms
  3 giant cockroaches
  5 goblins
  4 hobgoblins
  A jackal (Sewer)
  5 quokkas
  8 ball pythons
  7 bats
  2 frilled lizards
  10 kobolds
  4 rats
105 creatures vanquished.

Notes
Turn   | Place    | Note
-------+----------+-------------------------------------------
     0 | D:1      | Dirtsage the Minotaur Fighter began the quest for the Orb.
     0 | D:1      | Reached XP level 1. HP: 19/19 MP: 0/0
   106 | D:1      | Reached skill level 3 in Axes
   266 | D:1      | Reached XP level 2. HP: 26/26 MP: 1/1
   327 | D:1      | Found a faded altar of an unknown god.
   641 | D:2      | Reached skill level 4 in Axes
   752 | D:2      | Reached XP level 3. HP: 30/31 MP: 2/2
   914 | D:2      | Reached skill level 5 in Axes
  1289 | D:3      | Got a clothbound book
  1299 | D:3      | Reached XP level 4. HP: 39/39 MP: 3/3
  1466 | D:3      | Reached skill level 6 in Axes
  1598 | D:3      | Reached XP level 5. HP: 45/45 MP: 4/4
  1678 | D:3      | Found a sparkling altar of Nemelex Xobeh.
  1754 | D:4      | Found a hide-covered altar of Uskayaw.
  1758 | D:4      | Found a stormy altar of Qazlal.
  1804 | D:4      | Noticed Ijyb
  1812 | D:4      | HP: 1/45 [disintegration (16)]
  1814 | D:4      | Killed Ijyb
  2042 | D:4      | Reached skill level 7 in Axes
  2182 | D:4      | Found a staircase to the Ecumenical Temple.
  2190 | Temple   | Entered the Ecumenical Temple
  2235 | D:4      | You fall into a shaft and drop 2 floors!
  2241 | D:6      | Noticed Eustachio
  2265 | D:6      | Killed Eustachio
  2266 | D:6      | Reached skill level 8 in Axes
  2266 | D:6      | Reached XP level 6. HP: 22/51 MP: 5/5
  2405 | D:6      | Found a glowing drain.
  2409 | Sewer    | Entered a sewer
  2460 | Sewer    | Noticed Pargi
  2466 | Sewer    | Killed Pargi
  2467 | Sewer    | Reached skill level 9 in Axes
  2467 | Sewer    | Reached XP level 7. HP: 57/57 MP: 6/6
  2558 | D:5      | Entered Level 5 of the Dungeon
  2636 | D:5      | Reached skill level 10 in Axes
  3685 | D:5      | Reached skill level 1 in Dodging
  4133 | D:6      | Noticed Pikel
  4157 | D:6      | Killed Pikel
  4158 | D:6      | Reached skill level 11 in Axes
  4158 | D:6      | Reached XP level 8. HP: 43/67 MP: 7/7
  4256 | D:6      | Reached skill level 5 in Fighting
  4256 | D:6      | Reached skill level 5 in Armour
  4356 | D:6      | Found an iron altar of Okawaru.
  4356 | D:6      | Found a burning altar of Makhleb.
  4358 | D:6      | Found a radiant altar of Vehumet.
  4359 | D:6      | Found a snail-covered altar of Cheibriados.
  4364 | D:6      | Became a worshipper of Warmaster Okawaru
  4397 | D:6      | Noticed a hornet
  4410 | D:6      | Paralysed by a hornet for 3 turns
  4410 | D:6      | HP: 5/102 [hornet (9)]
  4411 | D:6      | HP: 2/102 [poisoned by a hornet]
  4412 | D:6      | Succumbed to a hornet's poison

Illustrated notes

Levels and vault maps discovered:
D:1:      psy_arrival_terrarium, layout_rooms,
          ebering_ecumenical_altar_sacrificial
D:2:      layout_basic
D:3:      layout_basic, nemelex_altar_shiori
D:4:      layout_basic, grunt_temple_overflow_open, minmay_temple_entry_hall,
          hangedman_abyss_or_decor_stabs, uniq_ijyb
D:5:      layout_basic
D:6:      layout_loops_ring, minitemple, gup_sewer_entry_bowl,
          uniq_crazy_yiuf_cottage, uniq_eustachio, uniq_pikel
Temple:   chequers_temple_sunken

Skill      XL: |  1  2  3  4  5  6  7  8 |
---------------+-------------------------+-----
Axes           | 3 4 5 6 8 9 11 | 11.1
Dodging        | 2 |  2.7
Fighting       | 4 5 |  5.1
Armour         | 4 5 |  5.0
Shields        | 4 |  4.9
Invocations    | |  0.2

Action                     |  1- 3 |  4- 6 |  7- 9 || total
---------------------------+-------+-------+-------++-------
  Melee: War axe           |    85 |    90 |   110 ||   285
         Headbutt          |     6 |    12 |    24 ||    42
  Throw: Dart              |       |     1 |       ||     1
    Use: Potion            |       |       |     1 ||     1
 Armour: Scale mail        |    53 |    28 |       ||    81
         Chain mail        |       |    41 |    75 ||   116
  Dodge: Dodged            |    49 |    38 |    37 ||   124
  Block: Buckler           |    17 |    15 |    25 ||    57

Table legend: (Time is in decaauts)
 A = Elapsed time spent in this place.
 B = Non-inter-level travel time spent in this place.
 C = Inter-level travel time spent in this place.
 D = Time resting spent in this place.
 E = Time spent auto-exploring this place.
 F = Levels seen in this place.
 G = Mean time per level.
                   A        B        C        D        E       F      G
               +--------+--------+--------+--------+--------+-----+--------+
         Total |   4473 |   4196 |    277 |    160 |   3262 |   8 |  559.1 |
       Dungeon |   4351 |   4074 |    277 |    160 |   3197 |   6 |  725.2 |
        Temple |      1 |      1 |      0 |      0 |      0 |   1 |    1.0 |
         Sewer |    120 |    120 |      0 |      0 |     65 |   1 |  120.0 |
               +--------+--------+--------+--------+--------+-----+--------+

Top non-repeatable levels by time:
     D:5: 1230 daAuts
     D:4: 790 daAuts
     D:2: 742 daAuts
     D:3: 547 daAuts
     D:6: 545 daAuts
     D:1: 496 daAuts
   Sewer: 120 daAuts
  Temple: 1 daAuts
